 Dungeon Crawl Stone Soup version 0.19.0-24-gb05acd6 (console) character file.

58 Jesseh the Magician (level 3, -3/24 HPs)
             Began as a Demonspawn Wizard on Nov 21, 2016.
             Slain by a worm (10 damage)
             ... on level 2 of the Dungeon.
             The game lasted 00:11:52 (1747 turns).

Jesseh the Magician (Demonspawn Wizard)             Turns: 1747, Time: 00:11:52

Health: -3/24      AC:  2    Str:  5    XL:     3   Next: 76%
Magic:  3/7        EV: 12    Int: 20    God:
Gold:   20         SH:  0    Dex: 11    Spells: 3 memorised, 2 levels left

rFire  . . .     SeeInvis .     p - -2 dagger (curse)
rCold  . . .     Gourm    .     a - +0 robe
rNeg   . . .     Faith    .     (no shield)
rPois  +         Spirit   .     b - +0 hat
rElec  .         Reflect  .     (no cloak)
rCorr  .         Harm     .     (no gloves)
MR     .....                    (no boots)
Stlth  ++........               l - amulet of regeneration
                                s - ring of poison resistance
                                h - -2 ring of strength (curse)

@: no status effects
A: powered by pain 2
a: no special abilities


You were on level 2 of the Dungeon.
You were not hungry.

You visited 1 branch of the dungeon, and saw 2 of its levels.

You collected 20 gold pieces.

Inventory:

Hand Weapons
 f - a +0 mace
   (You found it on level 1 of the Dungeon)
 g - a +0 hand axe
   (You found it on level 1 of the Dungeon)
 p - a cursed -2 dagger (weapon)
   (You took it off a goblin on level 1 of the Dungeon)
 t - a cursed -1 rapier
   (You found it on level 2 of the Dungeon)
Armour
 a - a +0 robe (worn)
 b - a +0 hat (worn)
Jewellery
 h - a cursed -2 ring of strength (left hand)
   (You found it on level 1 of the Dungeon)
 l - an amulet of regeneration (around neck)
   (You found it on level 1 of the Dungeon)
 q - an uncursed amulet of the gourmand
   (You found it on level 1 of the Dungeon)
 s - a ring of poison resistance (right hand)
   (You found it on level 2 of the Dungeon)
 v - an uncursed amulet of guardian spirit
   (You found it on level 2 of the Dungeon)
Wands
 o - a wand of flame (19/48)
   (You found it on level 2 of the Dungeon)
Scrolls
 r - 2 scrolls of amnesia {unknown}
Potions
 e - 2 potions of curing {unknown}
 i - a potion of ambrosia {unknown}
 k - a potion of beneficial mutation {unknown}
 n - a potion of invisibility {unknown}
 u - a potion of heal wounds {unknown}
Books
 c - a book of Minor Magic
Comestibles
 d - 2 bread rations
 j - 3 fruits
 m - a chunk of flesh


   Skills:
 - Level 1.7 Dodging
 - Level 1.7 Stealth
 - Level 3.0 Spellcasting
 - Level 2.6 Conjurations
   Level 1.0 Summonings
 - Level 1.4 Translocations
 + Level 1.2 Air Magic
 + Level 1.0 Poison Magic


You had 2 spell levels left.
You knew the following spells:

 Your Spells              Type           Power        Failure   Level  Hunger
a - Magic Dart            Conj           ##..         6%          1    None
b - Blink                 Tloc           N/A          14%         2    ##.....
c - Mephitic Cloud        Conj/Pois/Air  #.......     24%         3    ###....


Dungeon Overview and Level Annotations

Branches:
Dungeon (2/15)

Altars:


Innate Abilities, Weirdness & Mutations

You sometimes gain power by taking damage.


Message History

Aim: an adder (resting)
The magic dart hits the adder.
Aim: an adder (moderately wounded)
The magic dart hits the adder.
Aim: an adder (moderately wounded)
The magic dart hits the adder.
Aim: an adder (severely wounded)
The magic dart hits the adder.
You kill the adder!
Your Poison Magic skill increases to level 1!
You see here an adder corpse.
You butcher the adder corpse.
m - 2 chunks of flesh You see here an adder skeleton.
Found an escape hatch in the floor.
You see here a leather armour.
u - a grey potion
r - 2 scrolls labeled IKILET BEONNE (gained 1)
A goblin comes into view. It is wielding a dagger.
The goblin shouts!
Aim: a goblin, wielding a dagger The magic dart hits the goblin.
You barely miss the goblin. The goblin closely misses you.
You completely miss the goblin. The goblin hits you with a dagger.
You barely miss the goblin. The goblin closely misses you.
You hit the goblin but do no damage. The goblin hits you but does no damage.
You hit the goblin.
You kill the goblin!
Things that are here:
a dagger; a goblin corpse You butcher the goblin corpse.
m - 3 chunks of flesh (gained 1)
Things that are here:
a dagger; a goblin skeleton You see here 21 arrows.
There is an open door here.
As you open the door, it creaks loudly!
There is an open door here.
You see here an adder skeleton.
v - a blackened pearl amulet Put on which piece of jewellery? (? for menu, Esc to quit)
You remove your amulet of regeneration.
You feel your power drawn to a protective spirit.
v - an amulet of guardian spirit (around neck) Put on which piece of jewellery? (? for menu, Esc to quit)
You remove your amulet of guardian spirit.
The amulet throbs as it attunes itself to your uninjured body.
l - an amulet of regeneration (around neck)
d - 2 bread rations (gained 1)
A worm comes into view.
Aim: a worm (resting)
The magic dart hits the worm.
Aim: a worm (lightly wounded)
The magic dart hits the worm.
Aim: a worm The magic dart hits the worm.
You don't have enough magic to cast that spell.
Aim: a worm The magic dart hits the worm.
Here: a worm (lightly wounded)
The floor.
You see here an adder skeleton.
Aim: a worm The magic dart hits the worm.
Here: a worm (lightly wounded)
The floor.
There is an open door here.
Some of the chunks of flesh in your inventory have rotted away.
You open the door.
There is an open door here.
Aim: a worm The magic dart hits the worm.
Aim: a worm (lightly wounded)
The magic dart hits the worm.
Aim: a worm (moderately wounded)
The magic dart hits the worm.
Here: a worm (moderately wounded)
The floor.
You hit the worm but do no damage. You barely miss the worm.
The worm bites you.
Aim: a worm (lightly wounded)
The magic dart hits the worm.
You hit the worm. The worm closely misses you.
You hit the worm but do no damage. The worm bites you.
You hit the worm but do no damage. You hit the worm. The worm bites you!
* * * LOW HITPOINT WARNING * * *
You focus on the pain.
You feel your power returning.
Aim: a worm (lightly wounded)
The magic dart hits the worm.
Aim: a worm (moderately wounded)
The magic dart hits the worm.
Aim: a worm (moderately wounded)
The magic dart hits the worm.
The worm bites you.
* * * LOW HITPOINT WARNING * * *
Aim: a worm (moderately wounded)
The magic dart hits the worm.
Aim: a worm (moderately wounded)
The magic dart hits the worm.
The worm bites you!
You die...

▒.......▒▒...▒▒ ▒..▒
▒▒▒▒▒.▒▒▒.....▒▒ ▒..▒
▒▒.▒▒▒.▒▒....[..▒▒▒.[▒
▒▒...▒▒.▒.........▒▒...
▒.......'.........'....
▒▒...▒▒.▒.........▒▒▒..
▒▒[▒▒▒.▒▒.......▒▒ ▒.▒
▒▒▒▒▒▒▒▒▒▒▒w▒▒▒.....▒▒
▒.▒
▒.......▒▒6..▒▒▒...▒▒
▒.. ▒.▒▒▒........▒
▒▒'▒▒ ▒▒.
▒.......▒▒...▒ ▒.▒ ▒.
▒▒▒▒▒.▒▒▒▒▒▒▒▒ ▒.▒ ▒.
▒.▒ ▒▒.▒▒▒▒▒▒▒▒.
▒.▒▒▒▒▒▒▒ ▒▒...▒▒......
▒.▒.....▒ ▒.....▒.▒▒▒▒▒
▒▒.▒.▒▒▒.▒ ▒▒...▒▒.▒
▒......).▒▒▒▒▒.▒▒▒.▒


You could see a worm.

Vanquished Creatures
  2 adders (D:2)
  2 oozes
  2 dart slugs (D:1)
  A leopard gecko (D:2)
  4 bats (D:1)
  A giant cockroach (D:1)
  5 goblins
  A hobgoblin (D:1)
  4 kobolds
  A ball python (D:1)
  2 frilled lizards
  4 rats
29 creatures vanquished.

Notes
Turn   | Place    | Note
-------+----------+-------------------------------------------
     0 | D:1      | Jesseh the Demonspawn Wizard began the quest for the Orb.
     0 | D:1      | Reached XP level 1. HP: 13/13 MP: 4/4
   106 | D:1      | Reached skill level 2 in Conjurations
   137 | D:1      | Gained mutation: You sometimes gain a little power by taking damage. [demonic ancestry]
   137 | D:1      | Reached XP level 2. HP: 19/19 MP: 4/6
   174 | D:1      | HP: 2/19 [dart slug/slug dart (6)]
   499 | D:1      | Learned a level 2 spell: Blink
   554 | D:1      | Reached skill level 1 in Translocations
   864 | D:1      | Gained mutation: You sometimes gain power by taking damage. [demonic ancestry]
   864 | D:1      | Reached XP level 3. HP: 24/24 MP: 1/7
   872 | D:1      | Learned a level 3 spell: Mephitic Cloud
  1096 | D:2      | Found a faded altar of an unknown god.
  1331 | D:2      | Reached skill level 1 in Air Magic
  1484 | D:2      | Reached skill level 1 in Poison Magic
  1739 | D:2      | HP: 6/24 [worm (11)]
  1745 | D:2      | HP: 6/24 [worm (3)]
  1747 | D:2      | Slain by a worm

Skill      XL: |  1  2  3 |
---------------+----------+-----
Conjurations   | 2 |  2.6
Translocations | 1 |  1.4
Air Magic      | 1 |  1.2
Poison Magic   | 1 |  1.0
Dodging        | |  1.7
Stealth        | |  1.7
Spellcasting   | |  3.0
Summonings     | |  1.0

Action                   || total
-------------------------++-------
Melee: Unarmed           ||     6
       Hand axe          ||    24
       Dagger            ||    30
 Cast: Magic Dart        ||    62
  Eat: Royal jelly       ||     1
       Chunk             ||     1
Armor: Robe              ||    11
Dodge: Dodged            ||    40

Vault maps used:
D:1:      minmay_arrival_checkered_box, minivault_11, minmay_octomino_e4
D:2:      ecumenical_altar_2

Table legend:
 A = Turns spent in this place as a percentage of turns spent in the entire game.
 B = Non-inter-level travel turns spent in this place as a percentage of non-inter-level travel turns spent in the entire game.
 C = Inter-level travel turns spent in this place as a percentage of turns spent in this place.
 D = Turns resting spent in this place as a percentage of non-inter-level travel turns spent in this place.
 E = Turns spent auto-exploring this place as a percentage of non-inter-level travel turns spent in this place.
 F = Non-inter-level travel turns spent in this place divided by the number of levels of this place that you've seen.
                   A       B       C       D       E      F
               +-------+-------+-------+-------+-------+----------------------
         Total | 100.0 | 100.0 |   0.2 |   1.0 |   7.4 | 249.0
       Dungeon | 100.0 | 100.0 |   0.2 |   1.0 |   7.4 | 249.0
               +-------+-------+-------+-------+-------+----------------------

Table legend:
 A = Kills in this place as a percentage of kills in entire the game.
 B = Kills by you in this place as a percentage of kills by you in the entire game.
 C = Kills by friends in this place as a percentage of kills by friends in the entire game.
 D = Other kills in this place as a percentage of other kills in the entire game.
 E = Experience gained in this place as a percentage of experience gained in the entire game.
 F = Experience gained in this place divided by the number of levels of this place that you have seen.
                   A       B       C       D       E      F
               +-------+-------+-------+-------+-------+----------------------
         Total | 100.0 | 100.0 |  -nan |  -nan | 100.0 |  42.0
       Dungeon | 100.0 | 100.0 |  -nan |  -nan | 100.0 |  42.0
               +-------+-------+-------+-------+-------+----------------------
